 Dungeon Crawl Stone Soup version 0.31-a0-177-g4aa6249778 (webtiles) character file.

Game seed: 9821237156891552044

45 qw the Chopper (level 3, -4/23 HPs)
             Began as a Gargoyle Fighter on June 17, 2023.
             Slain by a gnoll
             ... wielding a +0 halberd
              (10 damage)
             ... on level 2 of the Dungeon.
             The game lasted 00:00:35 (954 turns).

qw the Chopper (Gargoyle Fighter)                    Turns: 954, Time: 00:00:35

Health: -4/23      AC: 11    Str: 21    XL:     3   Next: 64%
Magic:  3/3        EV:  9    Int:  8    God:
Gold:   31         SH:  4    Dex:  9    Spells: 2/2 levels left

rFire   . . .        Y - +0 war axe
rCold   . . .        c - +0 buckler
rNeg    + . .        b - +0 scale mail
rPois   inf          f - +0 helmet
rElec   +            (no cloak)
rCorr   .            (no gloves)
SInv    .            (no boots)
Will    .....        (no amulet) Stlth
                     (no ring)
HPRegen 0.23/turn    (no ring)
MPRegen 0.08/turn

%: no passive effects
@: no status effects
A: sickness immunity, AC +3, negative energy resistance 1, electricity
resistance, torment resistance 1, petrification resistance
a: no special abilities


You were on level 2 of the Dungeon.
You visited 1 branch of the dungeon, and saw 2 of its levels.

You collected 31 gold pieces.


Innate Abilities, Weirdness & Mutations

You are immune to sickness and miasma.
Your stone body is resilient. (AC +3)
You are immune to poison.
You resist negative energy. (rN+)
You are resistant to electric shocks. (rElec)
You are resistant to unholy torment.
You are immune to petrification.


   Skills:
 - Level 3.2 Fighting
 + Level 3.5 Axes
 - Level 3.2 Armour
 - Level 3.2 Shields


You had 2 spell levels left.
You didn't know any spells.
Your spell library was empty.

Inventory:

Hand Weapons
 a - a +0 whip of venom
 Y - a +0 war axe (weapon)
Armour
 b - a +0 scale mail (worn)
 c - a +0 buckler (worn)
 f - a +0 helmet (worn)
Potions
 d - a potion of might
 e - a potion of resistance {unknown}
 g - a potion of magic {unknown}
 h - a potion of curing {unknown}
 j - a potion of haste {unknown}

Dungeon Overview and Level Annotations

Branches:
Dungeon (2/15)

Altars:


Message History

The frilled lizard closely misses you.
You barely miss the frilled lizard.
The gnoll shouts!
You hear an angry hiss.
You block the frilled lizard's attack.
A frilled lizard comes into view.
You miss the frilled lizard.
The frilled lizard hisses angrily.
The frilled lizard bites you but does no damage.
You closely miss the frilled lizard. The frilled lizard closely misses you.
You block the frilled lizard's attack.
You slash the gnoll!
You kill the gnoll!
You barely miss the frilled lizard.
The frilled lizard bites you but does no damage.
The gnoll barely misses you.
You completely miss the frilled lizard. The gnoll barely misses you.
The frilled lizard closely misses you.
An adder comes into view.
The frilled lizard barely misses you. You block the gnoll's attack.
You closely miss the frilled lizard.
The adder hisses angrily.
The gnoll barely misses you. You block the frilled lizard's attack.
You slash the frilled lizard!
You kill the frilled lizard!
The gnoll hits you from afar with a +0 halberd!
A gnoll comes into view. It is wielding a +0 spear.
The gnoll hits you but does no damage.
You closely miss the gnoll. The gnoll hits you with a +0 halberd.
You barely miss the gnoll. You closely miss the frilled lizard.
The gnoll misses you. You block the frilled lizard's attack.
You closely miss the gnoll. You hit the frilled lizard.
You kill the frilled lizard!
The gnoll barely misses you. The adder barely misses you.
You hit the adder.
The adder is heavily wounded.
You hit the gnoll but do no damage. The gnoll barely misses you.
The adder bites you. The gnoll hits you with a +0 halberd!
You die...

#.(%.......##......
#..<)<.#...........
...
#..)..###.>##......
.[.
#.....##...##.........
#....................
#.....###....#####.#
.......# ###......g..
.......# #..###S##
#.#....# ##.##@g#
#...)## ##..%.#
#.##..# #.# #.# ..#
..# #### #... ####


You could see 2 gnolls and an adder.

Vanquished Creatures
  A gnoll (D:2)
  2 bats
  2 endoplasms
  3 giant cockroaches
  A goblin (D:1)
  3 hobgoblins (D:1)
  4 jackals (D:1)
  A quokka (D:1)
  A ball python (D:1)
  6 frilled lizards
  9 kobolds
  A rat (D:1)
34 creatures vanquished.

Notes
Turn   | Place    | Note
-------+----------+-------------------------------------------
     0 | D:1      | qw the Gargoyle Fighter began the quest for the Orb.
     0 | D:1      | Reached XP level 1. HP: 14/14 MP: 1/1
     0 | D:1      | 0 ||| qw: Version: 0.3-a-5-g6f28e65
     0 | D:1      | 0 ||| qw: Game counter: 505
     0 | D:1      | 0 ||| qw: Always use a shield: true
     0 | D:1      | 0 ||| qw: God list: Okawaru
     0 | D:1      | 0 ||| qw: Allow faded altars: false
     0 | D:1      | 0 ||| qw: Do Orc after D:15 true
     0 | D:1      | 0 ||| qw: Do second Lair branch before Depths: true
     0 | D:1      | 0 ||| qw: Lair rune preference: random
     0 | D:1      | 0 ||| qw: Plans: Normal, Zot:1-4, Slime:5, God:TSO, Crypt,
                  | Tomb, Abyss, Pan, Hells, Win
     0 | D:1      | 0 ||| PLANNING D:1-11
    32 | D:1      | 32 ||| Stepping ~*~*~tactically~*~*~ (hiding).
   217 | D:1      | Reached XP level 2. HP: 19/19 MP: 2/2
   423 | D:1      | 423 ||| Stepping ~*~*~tactically~*~*~ (hiding).
   424 | D:1      | 424 ||| Stepping ~*~*~tactically~*~*~ (hiding).
   425 | D:1      | 425 ||| Stepping ~*~*~tactically~*~*~ (hiding).
   454 | D:1      | 454 ||| DROPPING +0 club.
   505 | D:1      | 505 ||| Stepping ~*~*~tactically~*~*~ (stealth).
   506 | D:1      | 506 ||| Stepping ~*~*~tactically~*~*~ (stealth).
   507 | D:1      | 507 ||| Stepping ~*~*~tactically~*~*~ (stealth).
   519 | D:1      | Reached skill level 3 in Axes
   629 | D:1      | Reached XP level 3. HP: 22/23 MP: 3/3
   827 | D:1      | 827 ||| UPGRADING to +0 helmet.
   832 | D:1      | 832 ||| READING scroll labelled EVEEKO UTWAQUNT.
   833 | D:1      | 833 ||| READING scroll labelled ZABYAR AMUO.
   896 | D:2      | 896 ||| STAIRDANCE
   913 | D:2      | 913 ||| DROPPING +0 whip.
   954 | D:2      | Slain by a gnoll

Levels and vault maps discovered:
D:1:      grunt_arrival_lava_bath, layout_basic, chequers_serial_rivers_small_b
D:2:      layout_rooms, basic_altar, uniq_jessica

Skill      XL: |  1  2 |
---------------+-------+-----
Axes           | 2 3 |  3.5
Fighting       | |  3.2
Armour         | |  3.2
Shields        | |  3.2

Action                     || total
---------------------------++-------
  Melee: War axe           ||    96
    Use: Scroll            ||     2
 Armour: Scale mail        ||    64
  Dodge: Dodged            ||    62
  Block: Buckler           ||    22

Table legend:
 A = Non-vault XP
 B = Vault XP
 C = Vault XP percentage of total XP
 D = Non-vault monster count
 E = Vault monster count
 F = Vault count percentage of total count
                 A         B        C        D         E       F
            +---------+---------+-------+---------+---------+-------
      Total |      65 |       0 |   0.0 |      34 |       0 |   0.0
            +---------+---------+-------+---------+---------+-------
        D:1 |      38 |       0 |   0.0 |      24 |       0 |   0.0
        D:2 |      27 |       0 |   0.0 |      10 |       0 |   0.0
            +---------+---------+-------+---------+---------+-------
